 Dungeon Crawl Stone Soup version 0.23-a0-636-g0ff6057 (webtiles) character file.

391812 TheGoonsmith the Warrior (level 23, -5/129 HPs)
             Began as a Vine Stalker Fighter on Dec 28, 2018.
             Was the Champion of Okawaru.
             Killed by a malign offering
             ... invoked by a deep elf high priest
              (19 damage)
             ... on level 3 of the Elven Halls.
             The game lasted 01:44:27 (37987 turns).

TheGoonsmith the Warrior (Vine Stalker Fighter)    Turns: 37987, Time: 01:44:29

Health: -5/129     AC: 30    Str: 30    XL:     23   Next: 11%
Magic:  0/32       EV: 28    Int: 11    God:    Okawaru [******]
Gold:   2213       SH: 23    Dex: 32    Spells: 22/22 levels left

rFire    + . .     SeeInvis +   t - +5 eveningstar (vamp)
rCold    + . .     Gourm    .   X - +2 shield {reflect}
rNeg     . . .     Faith    .   q - +2 chain mail {rF+}
rPois    .         Spirit   +   w - +2 helmet {SInv}
rElec    +         Reflect  +   F - +2 cloak {MR+}
rCorr    .         Harm     .   k - +2 pair of gloves
MR       +++..                  S - +2 pair of boots {run}
Stlth    ..........             y - amulet "Weluam" {Reflect rElec rF- Dex+8 SH+4}
HPRegen  1.11/turn              O - ring of Tuthois {rF+ Int+3}
MPRegen  0.23/turn              v - ring of Happiness {rC+ Str+4 Dex+2 SInv}

@: agile, quick
A: fangs 3, regeneration 2, magic shield, antimagic bite, no potion heal 3, rot
immunity
}: 2/15 runes: decaying, serpentine
a: Heroism, Finesse, Renounce Religion


You were on level 3 of the Elven Halls.
You worshipped Okawaru.
Okawaru was exalted by your worship.
You were not hungry.

You visited 8 branches of the dungeon, and saw 39 of its levels.
You also visited: Trove and Wizlab.

You collected 4175 gold pieces.
You spent 1962 gold pieces at shops.

Inventory:

Hand Weapons
 t - a +5 vampiric eveningstar (weapon)
 u - the +7 demon whip of the Reaper {flame, rC+ Str+3 Dex+4}
   (You found it in a treasure trove)

   It has been specially enchanted to burn those struck by it, causing extra
   injury to most foes and up to half again as much damage against particularly
   susceptible opponents.
   It affects your strength (+3).
   It affects your dexterity (+4).
   It protects you from cold.
 B - the +12 great mace "Hiycapta" {flame, Int+2}
   (Okawaru gifted it to you on level 2 of the Lair of Beasts)

   It has been specially enchanted to burn those struck by it, causing extra
   injury to most foes and up to half again as much damage against particularly
   susceptible opponents.
   It affects your intelligence (+2).
Armour
 k - a +2 pair of gloves (worn)
 q - a +2 chain mail of fire resistance (worn)
 w - a +2 helmet of see invisible (worn)
 F - a +2 cloak of magic resistance (worn)
 S - a +2 pair of boots of running (worn)
 X - a +2 shield of reflection (worn)
Jewellery
 i - the amulet "Soqoe" {Gourm rF+}
   (You found it in a wizard's laboratory)

   [amulet of the gourmand]

   It allows you to eat raw meat even when not hungry.
   It protects you from fire.
 n - an uncursed amulet of regeneration
 v - the ring of Happiness (right hand) {rC+ Str+4 Dex+2 SInv}
   (You found it on level 11 of the Dungeon)

   [ring of see invisible]

   It affects your strength (+4).
   It affects your dexterity (+2).
   It protects you from cold.
   It lets you see invisible.
 y - the amulet "Weluam" (around neck) {Reflect rElec rF- Dex+8 SH+4}
   (You took it off an orc warrior on level 5 of the Dungeon)

   [amulet of reflection]

   It shields you and reflects attacks.
   It affects your dexterity (+8).
   It makes you vulnerable to fire.
   It insulates you from electricity.
   It affects your SH (+4).
 G - a +2 amulet of reflection
 O - the ring of Tuthois (left hand) {rF+ Int+3}
   (You bought it in a shop on level 3 of the Vaults)

   [ring of intelligence]

   It affects your intelligence (+3).
   It protects you from fire.
 T - an uncursed ring of resist corrosion
Wands
 b - a wand of paralysis (56)
 g - a wand of scattershot (11)
 A - a wand of iceblast (67)
 D - a wand of flame (89)
 I - a wand of acid (23)
 M - a wand of polymorph (41)
 U - a wand of digging (4)
Scrolls
 h - 14 scrolls of teleportation
 m - 5 scrolls of magic mapping
 p - 10 scrolls of amnesia
 r - 3 scrolls of identify
 z - 2 scrolls of fear
 E - 2 scrolls of blinking
 K - 4 scrolls of holy word
 L - 14 scrolls of remove curse
 N - a scroll of brand weapon
 Q - a scroll of silence
 V - 2 scrolls of fog
 Z - 5 scrolls of summoning
Potions
 a - a potion of agility
 c - 2 potions of ambrosia {unknown}
 d - 2 potions of might
 e - 4 potions of resistance
 j - 11 potions of curing
 l - 20 potions of mutation
 o - 4 potions of haste
 s - a potion of berserk rage
 C - 5 potions of flight
 H - 3 potions of magic
 P - 2 potions of cancellation
 R - 2 potions of invisibility
 Y - 2 potions of brilliance
Miscellaneous
 J - 2 boxes of beasts
Comestibles
 f - 55 rations
 x - 6 chunks of flesh


   Skills:
 + Level 16.5 Fighting
 - Level 16.0 Maces & Flails
 + Level 16.3 Armour
 + Level 12.9 Dodging
 - Level 15.0 Shields
 - Level 7.0 Invocations
 + Level 11.2 Evocations


You had 22 spell levels left.
You didn't know any spells.
Your spell library contained the following spells:

 Spells                   Type           Power        Failure   Level  Hunger
 Animate Skeleton         Necr           N/A          71%         1    ##.....
 Beastly Appendage        Tmut           #.....       71%         1    ##.....
 Corona                   Hex            #......      71%         1    ##.....
 Magic Dart               Conj           #...         71%         1    ##.....
 Pain                     Necr           #...         71%         1    ##.....
 Shock                    Conj/Air       #...         71%         1    ##.....
 Sting                    Conj/Pois      #...         71%         1    ##.....
 Corpse Rot               Necr           N/A          85%         2    ###....
 Ensorcelled Hibernation  Hex/Ice        #.....       85%         2    ###....
 Passwall                 Tmut/Erth      #.......     85%         2    ###....
 Searing Ray              Conj           #.....       85%         2    ###....
 Sticks to Snakes         Tmut           #.......     85%         2    ###....
 Throw Frost              Conj/Ice       #.....       85%         2    ###....
 Confuse                  Hex            #.......     97%         3    ####...
 Dazzling Spray           Conj/Hex       #.....       97%         3    ####...
 Ignite Poison            Fire/Tmut/Pois #.......     97%         3    ####...
 Regeneration             Chrm/Necr      #.........   97%         3    ####...
 Spider Form              Tmut/Pois      #.........   97%         3    ####...
 Stone Arrow              Conj/Erth      #.....       97%         3    ####...
 Tukima's Dance           Hex            #.......     97%         3    ####...
 Vampiric Draining        Necr           #.........   97%         3    ####...
 Animate Dead             Necr           N/A          100%        4    #####..
 Cause Fear               Hex            #.........   100%        4    #####..
 Force Lance              Conj/Tloc      #.......     100%        4    #####..
 Fulminant Prism          Conj/Hex       #.........   100%        4    #####..
 Iskenderun's Mystic Bla  Conj           #.......     100%        4    #####..
 Leda's Liquefaction      Hex/Erth       #.........   100%        4    #####..
 Petrify                  Tmut/Erth      #.......     100%        4    #####..
 Bolt of Draining         Conj/Necr      #.........   100%        5    ######.
 Dispel Undead            Necr           #.......     100%        5    ######.
 Excruciating Wounds      Chrm/Necr      #.........   100%        5    ######.
 Irradiate                Conj/Tmut      #.........   100%        5    ######.
 Silence                  Hex/Air        #.........   100%        5    ######.
 Summon Forest            Summ/Tloc      #.........   100%        5    ######.
 Venom Bolt               Conj/Pois      #.........   100%        5    ######.
 Yara's Violent Unravell  Hex/Tmut       #.........   100%        5    ######.
 Deflect Missiles         Chrm/Air       #.........   100%        6    #######
 Hydra Form               Tmut           #.........   100%        6    #######
 Statue Form              Tmut/Erth      #........    100%        6    #######
 Dragon Form              Tmut           #.........   100%        7    #######
 Summon Hydra             Summ           #.........   100%        7    #######
 Discord                  Hex            #.........   100%        8    #######


Dungeon Overview and Level Annotations

Branches:
Dungeon (15/15)            Temple (1/1) D:4            Lair (6/6) D:9
  Swamp (4/4) Lair:2        Snake (4/4) Lair:4        Slime (0/5) Lair:5
    Orc (2/2) D:10            Elf (3/3) Orc:2        Vaults (4/5) D:13
  Crypt (0/3) Vaults:2     Depths (0/5) D:15

Altars:
Ashenzari
Cheibriados
Dithmenos
Elyvilon
Fedhas
Gozag
Hepliaklqana
Kikubaaqudgha
Makhleb
Nemelex Xobeh
Okawaru
Qazlal
Ru
Trog
Uskayaw
Vehumet
Wu Jian
Xom
Yredelemnul
Zin
The Shining One
Beogh
Jiyva

Shops:
D:11 *   Orc:1 :   Orc:2 ((([   Snake:4 (   Vaults:1 [   Vaults:3 =

Annotations:
Lair:4 exclusion: oklob plant
Snake:2 1 runed door, Totoid's ghost, adept DrBe
Vaults:1 8 runed doors, Paboijatt's ghost, veteran MiFi


Innate Abilities, Weirdness & Mutations

You have razor-sharp teeth.
You heal very quickly.
When hurt, damage is shared between your health and your magic reserves.
Your bite disrupts and absorbs the magic of your enemies.
Potions cannot restore your health.
You are immune to rotting.


Message History

A corpse begins to drag itself along the ground!
Some corpses meld into an agglomeration of writhing flesh!
A small abomination and a crawling corpse come into view.
Okay, then.
You feel agile all of a sudden.
The deep elf high priest invokes the aid of its god against you.
The sphere of damnation explodes!
The damnation engulfs you!
* * * LOW HITPOINT WARNING * * *
The deep elf annihilator gestures wildly while chanting.
The deep elf annihilator blinks!
You bludgeon the deep elf knight!! Your bite misses the deep elf knight.
The deep elf knight is heavily wounded.
A crawling corpse merges with a small abomination to form a large abomination.
You beat the deep elf knight like a drum!!!
You feel better.
You kill the deep elf knight!
Okawaru accepts your kill.
The deep elf high priest utters a dark prayer and points at you.
Your life force is offered up.
You die...

*,**,,,,,,,....,,,,,,,**,*
*,***,######(.######,**,,*
*,* *,#...≈≈..≈≈...##*,,,*
*,***,(..x≈≈X)≈≈.....,,,,*
*,,,**#.(e≈≈)(≈≈§..#****,*
*,,,* #...≈≈.e≈≈e..#****,*
*,,,* ######.(######,,,,,*
***+*******#e.#*********,*
*,,,,,,,,,*#)@#*,,,,,,,,,*
*,,,,,,,,,*#).#*,,,,,,,,,*
*,,,,,,,,,*#..#*,,,,,,,,,*
*,,,,,,,,,*#..#*,,,,,,,,,*
***********#≈≈#***********
#≈≈# ###≈(# #....##
#.....#


You could see 2 deep elf high priests, a large abomination and a crawling
corpse.

Vanquished Creatures
  Vashnia (Snake:2)
  A mutant beast (WizLab)
  Rupert (D:14)
  A sphinx (Vaults:1)
  Agnes (D:14)
  5 thorn hunters
  10 nagarajas
  13 vault wardens
  4 frost giants
  An orc warlord (Orc:2)
  8 deep elf sorcerers
  5 deep elf elementalists (Elf:3)
  12 ironheart preservers
  5 stone giants
  6 very ugly things
  An entropy weaver (Vaults:4)
  3 deep elf annihilators (Elf:3)
  4 deep elf demonologists (Elf:3)
  The ghost of Jolecral the Martial Artist, a journeyman DsAs of Cheibriados (Lair:5)
  An ettin (Vaults:3)
  3 deep elf death magi (Elf:3)
  3 great orbs of eyes
  8 yaktaur captains
  17 naga warriors
  9 ogre magi
  9 vault guards
  Fannar (Lair:3)
  An ice dragon (Vaults:4)
  A rakshasa (Vaults:1)
  Harold (Lair:1)
  2 ghost crabs
  24 hydras
  16 alligators
  13 anacondas
  24 two-headed ogres
  4 death knights
  9 centaur warriors
  Erica (D:8)
  7 death yaks
  A deep troll earth mage (Vaults:4)
  A deep troll shaman (Vaults:4)
  6 orc high priests
  33 dancing weapons
  A vampire mage (D:14)
  An iron golem (WizLab)
  A spriggan berserker (Swamp:4)
  Sonja (Lair:4)
  9 shock serpents
  20 deep elf knights
  16 naga sharpshooters
  2 shadow wraiths
  2 salamander mystics
  A spriggan druid (Swamp:2)
  2 fire crabs (shapeshifter) (WizLab)
  2 skeletal warriors
  A death drake (shapeshifter) (WizLab)
  2 glowing orange brains
  5 unseen horrors
  3 unseen horrors (shapeshifter)
  15 deep trolls
  9 swamp dragons
  18 deep elf archers
  11 naga ritualists
  2 wizards
  13 ironbrand convokers
  A necromancer (Vaults:3)
  80 deep elf magi
  A phantasmal warrior (Vaults:1)
  20 orc knights
  11 mana vipers
  2 wolf spiders (Vaults:4)
  A stone giant zombie (Vaults:3)
  33 ugly things
  2 orb spiders (shapeshifter)
  A mana viper (shapeshifter) (Vaults:4)
  A faun (shapeshifter) (WizLab)
  An oklob plant (Orc:1)
  10 salamanders
  7 cyclopes
  A fire giant zombie (Vaults:3)
  11 elephants
  A black mamba (shapeshifter) (WizLab)
  A salamander (shapeshifter) (WizLab)
  27 black mambas
  4 guardian serpents (shapeshifter)
  23 naga magi
  Psyche (D:10)
  A centaur zombie (D:13)
  A human skeleton (Vaults:3)
  4 guardian serpents
  A storm dragon simulacrum (Vaults:2)
  A spiny frog (shapeshifter) (WizLab)
  37 spiny frogs
  A torpor snail (shapeshifter) (WizLab)
  10 vault sentinels
  A yaktaur (shapeshifter) (Vaults:1)
  A rime drake (Lair:6)
  5 freezing wraiths
  A komodo dragon (shapeshifter) (Vaults:3)
  An efreet (D:11)
  6 kobold demonologists
  8 komodo dragons
  20 yaktaurs
  2 meliai (shapeshifter) (WizLab)
  A merfolk (D:10)
  2 trolls (shapeshifter)
  2 jumping spiders (shapeshifter) (WizLab)
  3 meliai (D:14)
  A polar bear (Lair:2)
  8 trolls
  A hornet (shapeshifter) (Vaults:4)
  A polar bear (shapeshifter) (WizLab)
  9 hornets
  34 blink frogs
  A hippogriff (shapeshifter) (WizLab)
  34 slime creatures
  12 bog bodies
  18 tyrant leeches
  A blink frog (shapeshifter) (WizLab)
  A harpy skeleton (D:14)
  A stone giant simulacrum (Vaults:2)
  13 hippogriffs
  A human simulacrum (Vaults:1)
  6 spriggans
  A centaur simulacrum (D:14)
  4 water elementals
  2 tarantellas (shapeshifter) (WizLab)
  A redback (Vaults:4)
  6 shadows
  2 hogs (shapeshifter) (WizLab)
  5 wraiths
  42 yaks
  2 wyverns
  A basilisk (shapeshifter) (Vaults:3)
  3 fire elementals
  A golden eye (shapeshifter) (Vaults:4)
  2 humans (shapeshifter) (WizLab)
  11 basilisks
  27 vampire mosquitoes
  2 yaks (shapeshifter) (WizLab)
  A hungry ghost (D:13)
  Menkaure (D:7)
  10 insubstantial wisps
  5 wargs
  47 nagas
  17 swamp worms
  11 water moccasins
  3 soldier ants
  A naga (shapeshifter) (Vaults:2)
  3 acid dragons
  A floating eye (shapeshifter) (Vaults:2)
  4 floating eyes (WizLab)
  8 porcupines
  15 swamp drakes
  7 large abominations (WizLab)
  Duvessa (D:7)
  A black bear (D:8)
  6 ice beasts
  5 sky beasts
  2 phantoms
  A black bear (shapeshifter) (D:14)
  41 orc warriors
  16 wolves
  An eye of draining (D:13)
  10 boggarts
  21 ogres
  28 centaurs
  13 crocodiles
  7 big kobolds
  28 bullfrogs
  A gnoll sergeant (D:13)
  2 wyvern zombies
  3 earth elementals
  Dowan (D:7)
  7 small abominations
  3 scorpions
  A scorpion (shapeshifter) (WizLab)
  6 killer bees (D:11)
  3 wights (D:7)
  3 electric eels
  2 howler monkeys (D:12)
  12 crimson imps
  10 hounds
  3 bullfrog zombies
  4 jellies
  3 quasits
  A bullfrog skeleton (D:12)
  30 orc priests
  Crazy Yiuf (D:7)
  18 orc wizards
  6 centaur skeletons
  Jessica (D:3)
  10 worker ants
  5 iguanas
  A killer bee zombie (D:8)
  2 hound zombies
  A hound skeleton (D:11)
  2 worker ant zombies (D:8)
  3 gnolls (D:13)
  A howler monkey skeleton (D:11)
  15 adders
  9 shadow imps
  2 oozes
  2 adder skeletons
  2 dart slugs
  A worm (D:2)
  8 leopard geckos
  124 orcs
  3 ball pythons
  12 bats
  4 giant cockroaches
  7 goblins
  12 hobgoblins
  13 jackals
  21 kobolds
  4 quokkas
  8 frilled lizards
  A jackal skeleton (D:5)
  A leopard gecko skeleton (D:8)
  A quokka skeleton (D:4)
  8 rats
  A briar patch (Swamp:4)
  A crawling corpse (Elf:3)
  2 fungi (Lair:6)
1741 creatures vanquished.

Vanquished Creatures (collateral kills)
  A nagaraja (Snake:4)
  A shock serpent (Snake:4)
  A salamander (Snake:4)
  A naga (Snake:4)
4 creatures vanquished.

Vanquished Creatures (others)
  A deep elf master archer (Elf:3)
  A stone giant (Vaults:2)
  A yaktaur captain (Vaults:2)
  An alligator (Swamp:2)
  2 centaur warriors (Vaults:1)
  A spriggan berserker (Swamp:4)
  A naga sharpshooter (Snake:4)
  A swamp dragon (Swamp:4)
  A deep elf mage (Elf:2)
  A slime creature (Swamp:1)
  2 yaktaurs
  A hornet (Swamp:4)
  A tyrant leech (Swamp:4)
  A bog body (Swamp:1)
  A spriggan (Swamp:4)
  A warg (Orc:1)
  3 swamp drakes (Swamp:4)
  An orc warrior (Orc:2)
  5 centaurs
  A boggart (Vaults:2)
  2 bushes (Lair:6)
  15 fungi
  53 plants
  4 toadstools (Swamp:2)
102 creatures vanquished.

Grand Total: 1847 creatures vanquished

Notes
Turn   | Place    | Note
-------+----------+-------------------------------------------
     0 | D:1      | TheGoonsmith the Vine Stalker Fighter began the quest for
                  | the Orb.
     0 | D:1      | Reached XP level 1. HP: 11/11 MP: 2/2
   139 | D:1      | Reached XP level 2. HP: 16/16 MP: 1/3
   431 | D:1      | Reached XP level 3. HP: 17/19 MP: 4/4
  1109 | D:2      | Gained mutation: Your natural rate of healing is unusually
                  | fast. [Vine Stalker growth]
  1109 | D:2      | Reached XP level 4. HP: 9/24 MP: 3/5
  1962 | D:3      | Reached XP level 5. HP: 28/28 MP: 4/6
  2210 | D:3      | Noticed Jessica
  2220 | D:3      | Killed Jessica
  2302 | D:3      | Reached XP level 6. HP: 32/32 MP: 7/7
  3235 | D:4      | Found a staircase to the Ecumenical Temple.
  3244 | Temple   | Entered the Ecumenical Temple
  3360 | Temple   | Became a worshipper of Warmaster Okawaru
  3422 | D:5      | Entered Level 5 of the Dungeon
  3500 | D:5      | Reached XP level 7. HP: 37/37 MP: 8/8
  3746 | D:5      | Found a transporter.
  3751 | D:5      | Found a transporter.
  3873 | D:5      | Found a snail-covered altar of Cheibriados.
  3893 | D:5      | Reached skill level 5 in Maces & Flails
  3984 | D:5      | Found a burning altar of Makhleb.
  3986 | D:5      | Identified the amulet "Weluam" {Reflect rElec rF- Dex+8
                  | SH+4}
  4049 | D:5      | Reached * piety under Okawaru
  4051 | D:5      | Gained mutation: You have razor-sharp teeth. [Vine Stalker
                  | growth]
  4051 | D:5      | Reached XP level 8. HP: 38/42 MP: 9/9
  4330 | D:5      | Reached skill level 5 in Shields
  4333 | D:5      | Reached ** piety under Okawaru
  4759 | D:6      | Found a shattered altar of Ashenzari.
  4759 | D:6      | Found a glowing silver altar of Zin.
  4760 | D:6      | Found a blossoming altar of Fedhas.
  4848 | D:6      | Found an opulent altar of Gozag.
  5232 | D:7      | Reached XP level 9. HP: 37/45 MP: 10/10
  5260 | D:7      | Noticed Menkaure
  5280 | D:7      | Reached skill level 1 in Invocations
  5294 | D:7      | Killed Menkaure
  5294 | D:7      | Reached *** piety under Okawaru
  5372 | D:7      | Noticed Duvessa
  5372 | D:7      | Noticed Dowan
  5383 | D:7      | Killed Duvessa
  5394 | D:7      | Killed Dowan
  5667 | D:7      | Found a runed door.
  5731 | D:7      | Noticed Crazy Yiuf
  5736 | D:7      | Killed Crazy Yiuf
  5772 | D:8      | Identified a scroll of acquirement
  6101 | D:8      | Noticed Erica
  6112 | D:8      | Killed Erica
  6112 | D:8      | Reached **** piety under Okawaru
  6112 | D:8      | Reached skill level 5 in Armour
  6112 | D:8      | Reached XP level 10. HP: 49/49 MP: 13/13
  6264 | D:8      | Found a sparkling altar of Nemelex Xobeh.
  6288 | D:8      | Noticed a kobold demonologist
  6340 | D:8      | Noticed a smoke demon
  6351 | D:8      | Killed a kobold demonologist
  6411 | D:8      | Noticed a brown ugly thing
  6419 | D:8      | Killed a brown ugly thing
  6541 | D:8      | Reached skill level 10 in Maces & Flails
  6551 | D:8      | Reached ***** piety under Okawaru
  6596 | D:8      | Noticed a two-headed ogre
  6605 | D:8      | Killed a two-headed ogre
  6773 | D:8      | Reached skill level 5 in Invocations
  7121 | D:9      | Found a staircase to the Lair.
  7121 | D:9      | Noticed an elephant
  7134 | D:9      | Reached XP level 11. HP: 52/53 MP: 15/15
  7502 | D:9      | Noticed a two-headed ogre
  7508 | D:9      | Killed a two-headed ogre
  7508 | D:9      | Received a gift from Okawaru
  7508 | D:9      | Reached skill level 1 in Evocations
  7802 | D:9      | Found a radiant altar of Vehumet.
  7823 | D:9      | Paralysed by a hornet for 3 turns
  8093 | Lair:1   | Entered Level 1 of the Lair of Beasts
  8459 | Lair:1   | Noticed a six-headed hydra
  8465 | Lair:1   | Killed a six-headed hydra
  8662 | Lair:1   | Gained mutation: You heal very quickly. [Vine Stalker
                  | growth]
  8662 | Lair:1   | Reached XP level 12. HP: 34/58 MP: 17/17
  9060 | Lair:2   | Reached skill level 5 in Evocations
  9122 | Lair:2   | Received a gift from Okawaru
  9125 | Lair:2   | Got an ancient great mace {god gift}
  9126 | Lair:2   | Identified the +12 great mace "Hiycapta" {flame, Int+2}
                  | (Okawaru gifted it to you on level 2 of the Lair of Beasts)
  9184 | Lair:2   | Reached ****** piety under Okawaru
  9254 | Lair:2   | Noticed Harold
  9272 | Lair:1   | Killed Harold
  9272 | Lair:1   | Reached skill level 1 in Dodging
  9412 | Lair:2   | Found a staircase to the Swamp.
  9573 | Lair:2   | Got a faintly glowing ring mail
  9574 | Lair:2   | Identified the +1 ring mail of Yneonut {Dex+5 Stlth-} (You
                  | acquired it on level 2 of the Lair of Beasts)
  9994 | Lair:3   | Noticed a four-headed hydra
 10001 | Lair:3   | Killed a four-headed hydra
 10049 | Lair:3   | Reached skill level 5 in Fighting
 10212 | Lair:3   | Noticed Fannar
 10221 | Lair:3   | Killed Fannar
 10221 | Lair:3   | Received a gift from Okawaru
 10224 | Lair:3   | Got a transparent morningstar {god gift}
 10225 | Lair:3   | Identified the +7 morningstar of Dishonesty {drain, rPois
                  | Stlth+} (Okawaru gifted it to you on level 3 of the Lair of
                  | Beasts)
 10685 | Lair:4   | Noticed Sonja
 10692 | Lair:4   | Killed Sonja
 10795 | Lair:4   | Reached XP level 13. HP: 63/65 MP: 18/18
 10959 | Lair:4   | Found a burning altar of Makhleb.
 11056 | Lair:4   | Found a staircase to the Snake Pit.
 11574 | Lair:5   | Received a gift from Okawaru
 11676 | Lair:5   | Found a large runed door.
 11676 | Lair:5   | Found a large runed door.
 11852 | Lair:5   | Found a viscous altar of Jiyva.
 11853 | Lair:5   | Found a staircase to the Slime Pits.
 11929 | Lair:5   | Noticed Jolecral's ghost (journeyman DsAs)
 12001 | Lair:5   | Killed Jolecral's ghost
 12187 | Lair:6   | Entered Level 6 of the Lair of Beasts
 12437 | Lair:6   | Received a gift from Okawaru
 12511 | Lair:6   | Identified a +1 pair of boots of running (Okawaru gifted it
                  | to you on level 6 of the Lair of Beasts)
 12628 | Lair:6   | Reached XP level 14. HP: 72/72 MP: 19/19
 13251 | Lair:6   | Found the +2 Maxwell's thermic engine {flame, freeze}
 13623 | D:10     | Entered Level 10 of the Dungeon
 13728 | D:10     | Found a staircase to the Orcish Mines.
 13743 | D:10     | Received a gift from Okawaru
 13860 | D:10     | Found a roughly hewn altar of Beogh.
 13960 | D:10     | Noticed Psyche
 13967 | D:10     | Killed Psyche
 14206 | Orc:1    | Entered Level 1 of the Orcish Mines
 14273 | Orc:1    | Noticed a stone giant
 14283 | Orc:1    | Killed a stone giant
 14445 | Orc:2    | Entered Level 2 of the Orcish Mines
 14507 | Orc:1    | Reached skill level 15 in Maces & Flails
 14516 | Orc:1    | Reached skill level 10 in Shields
 14628 | Orc:1    | Found Teil's Book Shoppe.
 14902 | Orc:2    | Found a staircase to the Elven Halls.
 14906 | Orc:2    | Noticed an orc warlord
 15099 | Orc:2    | Killed an orc warlord
 15161 | Orc:2    | Found a bloodstained altar of Trog.
 15499 | Orc:2    | Reached XP level 15. HP: 70/77 MP: 20/20
 15535 | Orc:2    | Received a gift from Okawaru
 15600 | Orc:2    | Found Inkidadgh's Weapon Emporium.
 15603 | Orc:2    | Found Metiotzu's Weapon Emporium.
 15604 | Orc:2    | Found Goirich's Antique Armour Emporium.
 15605 | Orc:2    | Found Kamaguy's Weapon Shoppe.
 15847 | Orc:2    | Bought a smoking chain mail for 304 gold pieces
 15847 | Orc:2    | Bought a warped plate armour for 896 gold pieces
 15847 | Orc:2    | Identified the cursed +1 chain mail "Earthly Heaven"
                  | {*Drain Dex+6} (You bought it in a shop on level 2 of the
                  | Orcish Mines)
 15848 | Orc:2    | Identified the cursed +0 plate armour of the Other Side
                  | {rN+} (You bought it in a shop on level 2 of the Orcish
                  | Mines)
 16097 | D:11     | Found Zotunkitz's Assorted Antiques.
 16143 | D:11     | Bought a scroll of teleportation for 99 gold pieces
 16143 | D:11     | Bought a scroll of teleportation for 99 gold pieces
 16328 | D:11     | Got a transparent tin ring
 16342 | D:11     | Identified the ring of Happiness {rC+ Str+4 Dex+2 SInv}
                  | (You found it on level 11 of the Dungeon)
 16611 | D:11     | Reached skill level 10 in Armour
 16852 | D:12     | Found an ornate altar of the Wu Jian Council.
 17464 | D:12     | Found a white marble altar of Elyvilon.
 18107 | D:13     | Found a gate to the Vaults.
 18296 | D:14     | Reached skill level 5 in Dodging
 18303 | D:14     | Noticed Rupert
 18318 | D:14     | Killed Rupert
 18318 | D:14     | Received a gift from Okawaru
 18331 | D:14     | Got an iridescent quick blade {god gift}
 18332 | D:14     | Identified the +5 quick blade of Liut {flame, Stlth+}
                  | (Okawaru gifted it to you on level 14 of the Dungeon)
 18590 | D:14     | Noticed Agnes
 18604 | D:14     | Killed Agnes
 18604 | D:14     | Reached XP level 16. HP: 83/84 MP: 20/22
 18757 | D:14     | Received a gift from Okawaru
 18762 | D:14     | Got a faintly glowing large shield {god gift}
 18773 | D:14     | Identified the +0 large shield "Aram" {rCorr Str+3}
                  | (Okawaru gifted it to you on level 14 of the Dungeon)
 19129 | D:14     | Found the +12 glaive of Prune {chop}
 19238 | D:15     | Entered Level 15 of the Dungeon
 19679 | D:15     | Found a portal to a secret trove of treasure.
 19698 | Trove    | Entered a treasure trove
 19711 | Trove    | Got a crystal demon whip
 19730 | Trove    | Identified the +7 demon whip of the Reaper {flame, rC+
                  | Str+3 Dex+4} (You found it in a treasure trove)
 19734 | Trove    | Got a crude double sword
 19735 | Trove    | Identified the +3 double sword of the Queen {protect, rPois
                  | rN+ Str+3} (You found it in a treasure trove)
 19967 | D:15     | Found a staircase to the Depths.
 20246 | Swamp:1  | Entered Level 1 of the Swamp
 21736 | Swamp:2  | Noticed a thorn hunter
 21746 | Swamp:2  | Noticed a thorn hunter
 21750 | Swamp:2  | Killed a thorn hunter
 21755 | Swamp:2  | Killed a thorn hunter
 21802 | Swamp:2  | Reached skill level 10 in Fighting
 22314 | Swamp:3  | Reached XP level 17. HP: 89/89 MP: 21/23
 22851 | Swamp:4  | Entered Level 4 of the Swamp
 23731 | Swamp:4  | Got a decaying rune of Zot
 23947 | Snake:1  | Entered Level 1 of the Snake Pit
 24429 | Snake:1  | Received a gift from Okawaru
 24437 | Snake:2  | You fall through a shaft!
 24540 | Snake:3  | Reached XP level 18. HP: 96/96 MP: 25/25
 24674 | Snake:2  | Noticed Vashnia
 24716 | Snake:2  | Killed Vashnia
 24773 | Snake:2  | Received a gift from Okawaru
 25527 | Snake:2  | Found a runed door.
 25527 | Snake:2  | Noticed Totoid's ghost (adept DrBe)
 26582 | Snake:4  | Entered Level 4 of the Snake Pit
 26597 | Snake:4  | Received a gift from Okawaru
 26934 | Snake:4  | Reached XP level 19. HP: 100/103 MP: 26/26
 26987 | Snake:4  | Found Zeaphe's Weapon Shop.
 27750 | Snake:4  | Received a gift from Okawaru
 27906 | Snake:4  | Got a serpentine rune of Zot
 28322 | Vaults:1 | Entered Level 1 of the Vaults
 28359 | Vaults:1 | Found a large runed door.
 28360 | Vaults:1 | Found a large runed door.
 28542 | Vaults:1 | Reached skill level 15 in Shields
 28643 | Vaults:1 | Received a gift from Okawaru
 28989 | Vaults:1 | Reached skill level 15 in Fighting
 29121 | Vaults:1 | Reached XP level 20. HP: 113/113 MP: 27/27
 29287 | Vaults:1 | Found a large runed door.
 29287 | Vaults:1 | Noticed Paboijatt's ghost (veteran MiFi)
 29288 | Vaults:1 | Found a large runed door.
 29288 | Vaults:1 | Found a large runed door.
 29291 | Vaults:1 | Found a large runed door.
 29291 | Vaults:1 | Found a large runed door.
 29293 | Vaults:1 | Found a large runed door.
 29398 | Vaults:1 | Found Xouzas's Armour Boutique.
 29739 | Vaults:2 | Found a magical portal.
 29744 | WizLab   | Entered Cigotuvi's Fleshworks
 29945 | WizLab   | Paralysed by a floating eye for 2 turns
 29954 | WizLab   | Paralysed by a floating eye for 3 turns
 29962 | WizLab   | Paralysed by a floating eye for 3 turns
 29974 | WizLab   | Paralysed by a floating eye for 4 turns
 29980 | WizLab   | Paralysed by a floating eye for 4 turns
 29987 | WizLab   | Paralysed by a floating eye for 2 turns
 29994 | WizLab   | Paralysed by a floating eye for 3 turns
 30057 | WizLab   | Received a gift from Okawaru
 30095 | WizLab   | Identified the Incunabulum of Transmutation
 30099 | WizLab   | Identified Cigotuvi's Volume of Twisted Moulding
 30137 | WizLab   | Got a brightly glowing crystal amulet
 30899 | Vaults:2 | Identified the amulet "Soqoe" {Gourm rF+} (You found it in
                  | a wizard's laboratory)
 31122 | Vaults:2 | Reached skill level 10 in Dodging
 31298 | Vaults:2 | Found a staircase to the Crypt.
 31969 | Vaults:3 | Reached XP level 21. HP: 117/117 MP: 28/28
 31976 | Vaults:3 | Received a gift from Okawaru
 32194 | Vaults:3 | Got an ancient morningstar
 32195 | Vaults:3 | Identified the +4 morningstar of the Establishment {drain,
                  | MR+ Str-5 Dex+6 Stlth+} (You found it on level 3 of the
                  | Vaults)
 32236 | Vaults:3 | Reached skill level 15 in Armour
 32332 | Vaults:3 | Found Icre's Jewellery Shop.
 32336 | Vaults:3 | Bought the ring of Tuthois {rF+ Int+3} for 564 gold pieces
 33559 | Vaults:4 | Received a gift from Okawaru
 34091 | Vaults:4 | Received a gift from Okawaru
 35072 | Elf:1    | Entered Level 1 of the Elven Halls
 35095 | Elf:1    | Reached XP level 22. HP: 123/123 MP: 30/30
 35173 | Elf:1    | Identified the Catalogue of Attacks and the Entourage
 35404 | Elf:1    | Identified the Volume of Confrontation
 35557 | Elf:1    | Received a gift from Okawaru
 35663 | Elf:1    | Reached skill level 10 in Evocations
 35872 | Elf:1    | Received a gift from Okawaru
 36563 | Elf:2    | Found a huge runed gate.
 36563 | Elf:2    | Found a huge runed gate.
 36563 | Elf:2    | Found a huge runed gate.
 36566 | Elf:2    | Found a huge runed gate.
 36566 | Elf:2    | Found a huge runed gate.
 37054 | Elf:3    | Entered Level 3 of the Elven Halls
 37391 | Elf:3    | Received a gift from Okawaru
 37397 | Elf:3    | Got an encrusted great mace {god gift}
 37398 | Elf:3    | Identified the +6 great mace of the Chain {freeze, *Rage
                  | rF+ rC+ SInv} (Okawaru gifted it to you on level 3 of the
                  | Elven Halls)
 37890 | Elf:3    | Reached XP level 23. HP: 91/129 MP: 32/32
 37985 | Elf:3    | HP: 5/129 [deep elf high priest/damnation (23)]
 37987 | Elf:3    | Killed from afar by a deep elf high priest

Vault maps used:
D:1:      scummos_arrival_star, minmay_3d_cube
D:2:      minmay_tetromino_o2
D:3:      kennysheep_another_room, uniq_jessica
D:4:      lemuel_temple_firewalk_b, minivault_24, st_stairs_9
D:5:      gammafunk_temple_overflow_arena, first_ration, basic_altar
D:6:      gammafunk_temple_overflow_claw, grunt_gozag_breadcrumbs
D:7:      uniq_duvessa, uniq_menkaure, uniq_crazy_yiuf_cottage
D:8:      kennysheep_windowed_halls, lemuel_doored_altar, special_room,
          uniq_erica
D:9:      marbit_many_paths, david_lair_generic
D:10:     orc_0_dummy, hangedman_fish_farm, uniq_psyche
D:11:     minmay_wavy_crystal, serial_shops, nicolae_shop_overgrown_old_shop,
          minivault_20
D:12:     basic_altar, elyvilon_altar_5
D:13:     david_vaults_5
D:14:     hangedman_decor_clover_reticule, minmay_guarded_unrand_prune,
          uniq_agnes, uniq_rupert
D:15:     grunt_enter_depths_snipers, trove_entry_hex_spiral,
          serial_bayou_ford_a
Temple:   eino_temple_scatter_basement
Lair:1:   chequers_serial_rivers_room_b, eino_small_chamber_without_monster,
          chequers_serial_rivers_micro_d
Lair:2:   skrybe_swamp_entry_bodies, lemuel_fruit_tree, uniq_harold
Lair:3:   grunt_megastairs_5, uniq_fannar
Lair:4:   guppyfry_snake_entry_garden, lemuel_oklob_altar, uniq_sonja
Lair:5:   slime_altar_1, ebering_ghost_disaster_area, serial_bayou_shore_b
Lair:6:   minmay_lair_end_frog_pond, kennysheep_basilisk_garden
Swamp:1:  evilmike_swamp_ruin_rubble_2, swamp_pool4
Swamp:2:  cheibrodos_swamp_tower_of_moss, evilmike_swamp_ruin_rubble_1
Swamp:3:  evilmike_swamp_ruin_house_2
Swamp:4:  swamp_basic_johnstein, swamp_pool4
Snake:2:  ebering_ghost_inner_flame, uniq_vashnia
Snake:3:  spider_trap
Snake:4:  snake_pit, serial_shops, shop, grunt_ministairs_2
Orc:1:    serial_shops, nicolae_shop_window_shopping, mines3_lemuel
Orc:2:    st_orc_pillars, bloody_trog
Elf:1:    eino_elf_arrival_sip, minmay_elf_annihilation, minmay_elf_sorcery
Elf:3:    elf_hall_gauntlet_wide
Vaults:1: advil_vaults_ghost_lines, grunt_vaults_bifocal,
          nicolae_vaults_display_case, vaults_room_door_ring,
          nicolae_vaults_network_s, hangedman_vaults_corner_blocks,
          nicolae_vaults_angled_halls, nicolae_vaults_alarming,
          ontoclasm_vaults_ring_large, v_misc_5, hangedman_vaults_river_flow,
          ontoclasm_vaults_ring_large, v_pattern_3, vaults_mumra_hexcomb,
          nicolae_vaults_specimen_jars, serial_shops, shop
Vaults:2: blue_anna_dwarven_crypt, special_room_vaults, ontoclasm_vaults_tryst,
          v_misc_27, v_misc_23, v_misc_26, v_misc_33, vaults_dpeg_encased_lava,
          infiniplex_enter_wizlab_spiral
Vaults:3: vaults_mumra_minichess_inversion, hangedman_vaults_slice,
          vaults_standard_mumra_x, hangedman_vaults_locks,
          nicolae_vaults_network_periphery, ontoclasm_vaults_twist,
          nicolae_vaults_what_the_h, vaults_room_guarded_vault,
          vaults_room_semicircle, vaults_room_pools, serial_shops, shop
Vaults:4: nicolae_vaults_disjoint_gnomons, hangedman_vaults_snaps,
          grunt_vaults_diagonal, ontoclasm_vaults_ring_large,
          hangedman_vaults_restitches, nicolae_vaults_theta,
          hangedman_vaults_maws, vaults_room_semicircle,
          hangedman_vaults_impose, ontoclasm_vaults_bender, v_rooms_2,
          vaults_mumra_lcd
Trove:    trove_weapon_1
WizLab:   wizlab_cigotuvi

Skill      XL: |  1  2  3  4  5  6  7  8  9 10 11 12 13 14 15 16 17 18 19 20 21 22 |
---------------+-------------------------------------------------------------------+-----
Maces & Flails | 2 3 4 5 8 9 10 12 13 14 15 16 | 16.0
Shields        | 3 4 5 6 7 8 9 10 11 12 13 15 | 15.0
Fighting       | 3 4 5 7 8 9 10 11 12 15 16 | 16.5
Armour         | 3 4 5 6 7 8 9 10 11 12 13 14 15 16 | 16.3
Invocations    | 3 5 6 7 |  7.0
Evocations     | 4 5 7 8 9 11 | 11.2
Dodging        | 3 4 5 6 8 10 11 12 | 12.9

Action                   |  1- 3 |  4- 6 |  7- 9 | 10-12 | 13-15 | 16-18 | 19-21 | 22-24 || total
-------------------------+-------+-------+-------+-------+-------+-------+-------+-------++-------
Melee: Flail             |   133 |   199 |   256 |       |       |       |       |       ||   588
       Bite              |    29 |    45 |    91 |   187 |   562 |   762 |  1086 |   292 ||  3054
       Morningstar       |       |       |    27 |   432 |  1178 |   101 |       |       ||  1738
       Great mace        |       |       |       |    88 |       |       |       |       ||    88
       Eveningstar       |       |       |       |       |       |  1289 |  1778 |   609 ||  3676
Invok: Heroism           |       |       |     1 |     4 |     6 |     3 |     1 |     1 ||    16
       Finesse           |       |       |       |       |     2 |     1 |       |     1 ||     4
Evoke: Wand              |       |       |       |       |       |       |     4 |       ||     4
  Use: Scroll            |       |    12 |     5 |     9 |    14 |     8 |     5 |     5 ||    58
       Potion            |       |       |     1 |       |     1 |     1 |       |     1 ||     4
 Stab: Confused          |       |       |       |       |       |     2 |       |       ||     2
  Eat: Chunk             |     1 |     7 |    10 |    15 |    21 |    20 |    19 |    10 ||   103
       Ration            |       |       |       |       |     2 |     3 |     2 |       ||     7
Armor: Scale mail        |    32 |       |       |       |       |       |       |       ||    32
       Chain mail        |    40 |   129 |    47 |    43 |   315 |   541 |   398 |   108 ||  1621
       Plate armour      |       |       |   126 |   296 |    49 |       |       |       ||   471
Dodge: Dodged            |    41 |    48 |    43 |   124 |   283 |   603 |   616 |   225 ||  1983
Block: Shield            |    96 |   130 |   158 |   293 |   924 |  1410 |  1590 |   477 ||  5078
       Other             |       |       |       |    13 |       |       |       |       ||    13
       Reflection        |       |       |       |     1 |    41 |    94 |   115 |    52 ||   303
       Large shield      |       |       |       |       |       |    14 |       |       ||    14

Table legend:
 A = Non-vault XP
 B = Vault XP
 C = Vault XP percentage of total XP
 D = Non-vault monster count
 E = Vault monster count
 F = Vault count percentage of total count
                 A         B        C        D         E       F
            +---------+---------+-------+---------+---------+-------
      Total |  417477 |  304555 |  42.2 |    1176 |     586 |  33.3
            +---------+---------+-------+---------+---------+-------
        D:1 |      42 |       6 |  12.5 |      28 |       2 |   6.7
        D:2 |     125 |       3 |   2.3 |      31 |       2 |   6.1
        D:3 |     114 |      37 |  24.5 |      21 |       1 |   4.5
        D:4 |     165 |      84 |  33.7 |      12 |       3 |  20.0
        D:5 |     596 |     346 |  36.7 |      20 |       3 |  13.0
        D:6 |     705 |       0 |   0.0 |      29 |       0 |   0.0
        D:7 |     985 |     421 |  29.9 |      21 |       4 |  16.0
        D:8 |    1694 |    3391 |  66.7 |      31 |      32 |  50.8
        D:9 |    3047 |    1313 |  30.1 |      21 |       5 |  19.2
       D:10 |    1037 |    1128 |  52.1 |      11 |      28 |  71.8
       D:11 |    6320 |    1203 |  16.0 |      39 |       5 |  11.4
       D:12 |    6426 |       0 |   0.0 |      40 |       0 |   0.0
       D:13 |    9031 |    2897 |  24.3 |      36 |       6 |  14.3
       D:14 |   10818 |    9895 |  47.8 |      38 |       8 |  17.4
       D:15 |    4982 |    2278 |  31.4 |      28 |       3 |   9.7
     Lair:1 |    5744 |     960 |  14.3 |      24 |       1 |   4.0
     Lair:2 |    2794 |     262 |   8.6 |      13 |       1 |   7.1
     Lair:3 |    3821 |    4338 |  53.2 |      15 |       9 |  37.5
     Lair:4 |    2027 |     827 |  29.0 |       6 |       3 |  33.3
     Lair:5 |    6053 |    1546 |  20.3 |      19 |       2 |   9.5
     Lair:6 |   15424 |   12557 |  44.9 |      52 |      52 |  50.0
    Swamp:1 |   17340 |       0 |   0.0 |      49 |       0 |   0.0
    Swamp:2 |   16401 |    2194 |  11.8 |      36 |       1 |   2.7
    Swamp:3 |   11168 |       0 |   0.0 |      28 |       0 |   0.0
    Swamp:4 |   20130 |   19311 |  49.0 |      48 |      33 |  40.7
    Snake:1 |    8133 |       0 |   0.0 |      17 |       0 |   0.0
    Snake:2 |   20474 |    9592 |  31.9 |      38 |       6 |  13.6
    Snake:3 |   33982 |     444 |   1.3 |      56 |       1 |   1.8
    Snake:4 |   21987 |   33969 |  60.7 |      38 |      47 |  55.3
      Orc:1 |    4237 |     535 |  11.2 |      18 |       1 |   5.3
      Orc:2 |    2886 |   11190 |  79.5 |      15 |      58 |  79.5
      Elf:1 |   23453 |   13218 |  36.0 |      34 |      19 |  35.8
      Elf:2 |   18419 |   22570 |  55.1 |      29 |      30 |  50.8
      Elf:3 |   26339 |   26072 |  49.7 |      42 |      17 |  28.8
   Vaults:1 |   26678 |   21752 |  44.9 |      49 |      28 |  36.4
   Vaults:2 |   16227 |   15720 |  49.2 |      37 |      43 |  53.8
   Vaults:3 |   29651 |   41929 |  58.6 |      52 |      56 |  51.9
   Vaults:4 |   38022 |   13134 |  25.7 |      55 |      17 |  23.6
     WizLab |       0 |   29433 | 100.0 |       0 |      59 | 100.0
            +---------+---------+-------+---------+---------+-------
